AoeStats
← LAT_Power_

MegaRandom

509738051Analyzed
2v2 RM · 4d ago on Sep 27, 2026· 39m 49s· 4 players
Game mode
Random Map
Map size
Medium (4 player)
Population
200
Speed
Normal
Resources
Standard
Victory
Conquest
Starting age
Dark Age
Ending age
Imperial Age
RankedLock teamsTeams togetherTeam positionsShared explorationLock speedFull tech treeHidden civsTurbo modeCheats
Victory
Defeat
🇦🇷 Italians · Argentina
1656
+14
🇫🇷 Magyars · France
1592
+16
🇲🇽 Persians · Mexico
1656
-17
🇺🇸 Saracens · United States
1542
-13
Morinator
7:12 Feudal Age
7:08 Loom
7:51 Double-Bit Axe
12:31 Castle Age
10:47 Fletching
13:47 Medium Warships
15:04 Bow Saw
18:28 Wheelbarrow
21:22 Imperial Age
20:03 Horse Collar
22:26 Scale Barding Armor
22:53 Heavy Warships
25:24 Chemistry
29:16 Block Printing
31:24 Careening
32:15 Clinker Construction
38:47 Fervor
gyNNNNN
8:41 Feudal Age
9:29 Double-Bit Axe
9:26 Horse Collar
12:28 Castle Age
17:17 Imperial Age
14:39 Loom
17:28 Imperial Age
15:39 Fletching
16:15 Bodkin Arrow
17:32 Ballistics
18:42 Bracer
20:23 Padded Archer Armor
24:41 Chemistry
27:23 Leather Archer Armor
35:21 Wheelbarrow
35:24 Elite Genoese Crossbowman
38:25 Hand Cart
LAT_Power_
2:23 Loom
8:13 Feudal Age
12:31 Castle Age
10:42 Double-Bit Axe
11:40 Scale Barding Armor
12:50 Bloodlines
12:34 Light Cavalry
13:27 Husbandry
14:39 Bow Saw
16:47 Ballistics
17:06 Fletching
17:00 Crossbowman
19:59 Bodkin Arrow
21:02 Padded Archer Armor
25:12 Wheelbarrow
24:48 Town Watch
29:01 Elite Skirmisher
34:00 Leather Archer Armor
35:30 Forging
35:41 Chain Barding Armor
MztK | SpAwN
3:42 Loom
6:14 Feudal Age
7:43 Double-Bit Axe
14:21 Castle Age
15:15 Medium Warships
15:25 Medium Warships
15:31 Bow Saw
16:37 Fletching
16:42 Demolition Ship
18:11 Wheelbarrow
17:40 Horse Collar
19:51 Hand Cart
20:29 Bodkin Arrow
25:42 Imperial Age
24:02 Scale Barding Armor
24:09 Gold Mining
25:41 Stone Mining
29:01 Elite War Elephant
29:59 Masonry
31:40 Heavy Warships
33:43 Devotion
36:04 Faith
Connection lost

Rejoining the realm…

Still unreachable

The connection could not be restored.

Session expired

The server has moved on; the page needs a fresh start.